 Dungeon Crawl Stone Soup version 0.16-a0-3553-gf2c86d1 (webtiles) character file.

44 Gronka the Shield-Bearer (level 3, -1/33 HPs)
             Began as a Minotaur Fighter on Jan 10, 2015.
             Killed from afar by Ijyb (10 damage)
             ... with a wand of flame
             ... on level 2 of the Dungeon.
             The game lasted 00:02:10 (713 turns).

Gronka the Shield-Bearer (Minotaur Fighter)          Turns: 713, Time: 00:02:10

Health: -1/33      AC:  7    Str: 20    XL:     3   Next: 41%
Magic:  2/2        EV:  7    Int:  5    God:
Gold:   61         SH:  9    Dex: 10    Spells: 0 memorised, 2 levels left

rFire  . . .     SeeInvis .     a - +0 trident
rCold  . . .     Clarity  .     b - +0 scale mail
rNeg   . . .     SustAb   .     c - +0 shield
rPois  .         Gourm    .     (helmet restricted)
rElec  .         Spirit   .     (no cloak)
rCorr  .         Warding  .     (no gloves)
rMut   .         Stasis   .     (no boots)
MR     .....                    (no amulet)
Stlth  ..........               (no ring)
                                p - ring of flight

@: not resistant to hostile enchantments, extremely unstealthy
A: retaliatory headbutt, horns 2
a: Evoke Flight


You were on level 2 of the Dungeon.
You were not hungry.

You visited 1 branch of the dungeon, and saw 2 of its levels.

You collected 61 gold pieces.

Inventory:

Hand weapons
 a - a +0 trident (weapon)
Missiles
 j - a throwing net (quivered)
Armour
 b - a +0 scale mail (worn)
 c - a +0 shield (worn)
Jewellery
 p - a ring of flight (left hand)
Scrolls
 k - a scroll of magic mapping {unknown}
 m - a scroll of fog {unknown}
 n - a scroll of random uselessness {unknown}
 o - a scroll of noise {unknown}
 q - a scroll of teleportation {unknown}
 r - a scroll of identify {unknown}
 s - a scroll of fear {unknown}
Potions
 e - 2 potions of might
 g - a potion of heal wounds {unknown}
 h - a potion of restore abilities {unknown}
 i - a potion of brilliance {unknown}
Comestibles
 d - a bread ration
 f - 2 meat rations
 l - 3 slices of pizza


   Skills:
 + Level 4.1 Fighting
 + Level 2.8 Polearms
 + Level 4.1 Armour
 + Level 0.9 Dodging
 + Level 4.2 Shields


You had 2 spell levels left.
You didn't know any spells.

Dungeon Overview and Level Annotations

Branches:
Dungeon (2/15)

Altars:

Annotations:
D:2 Ijyb


Innate Abilities, Weirdness & Mutations

You reflexively headbutt those who attack you in melee.
You have a pair of horns on your head.


Message History

You are too injured to fight recklessly!
You are too injured to fight recklessly!
You are too injured to fight recklessly!
You are too injured to fight recklessly!
You are too injured to fight recklessly!
You are too injured to fight recklessly!
You are too injured to fight recklessly!
You are too injured to fight recklessly!
You are too injured to fight recklessly!
You are too injured to fight recklessly!
You are too injured to fight recklessly!
You are too injured to fight recklessly!
You are too injured to fight recklessly!
Ijyb zaps a wand.
You block the puff of flame.
You see here a dagger.
Your shield and scale mail prevent you from hitting Ijyb.
You headbutt Ijyb.
Ijyb is severely wounded.
Ijyb zaps a wand.
The puff of flame hits you!
You die...

######### ######.........
............... #######
............... #......
#................ +......
#.......@g....... #......
###########+####......... #.<..<.
#...........####.######## #......
#.......................# #......
#...........####.######.# #......
#...........##.#........#.#......
#....)...........................
#................†#######.#######
#[.............##.# .


You could see Ijyb.

Vanquished Creatures
  An adder (D:2)
  A worm (D:2)
  2 giant geckos (D:2)
  2 bats (D:1)
  A giant cockroach (D:1)
  4 hobgoblins
  2 giant newts (D:1)
  6 goblins
  5 kobolds (D:1)
  2 rats (D:1)
26 creatures vanquished.

Notes
Turn   | Place    | Note
--------------------------------------------------------------
     0 | D:1      | Gronka, the Minotaur Fighter, began the quest for the Orb.
     0 | D:1      | Reached XP level 1. HP: 19/19 MP: 1/1
    80 | D:1      | Reached skill level 4 in Armour
   149 | D:1      | Reached XP level 2. HP: 24/27 MP: 1/1
   591 | D:2      | Reached XP level 3. HP: 24/33 MP: 2/2
   703 | D:2      | Noticed Ijyb
   713 | D:2      | Killed from afar by Ijyb

Action                   || total
-------------------------++-------
Melee: Trident           ||    77
